 Dungeon Crawl Stone Soup version 0.29.1 (webtiles) character file.

Game seed: 16535910785457636387

103 joebiden the Magician (level 5, -4/35 HPs)
             Began as a Human Hedge Wizard on Sept 13, 2022.
             Succumbed to an orc priest's poison
             ... on level 3 of the Dungeon.
             The game lasted 00:11:46 (4379 turns).

joebiden the Magician (Human Hedge Wizard)          Turns: 4379, Time: 00:11:46

Health: -4/35      AC:  4    Str: 10    XL:     5   Next: 6%
Magic:  10/12      EV: 12    Int: 17    God:
Gold:   185        SH:  0    Dex: 18    Spells: 7/13 levels left

rFire   . . .      SeeInvis .   r - +2 rapier (vamp)
rCold   . . .      Faith    .   (no shield)
rNeg    . . .      Spirit   .   b - +0 robe
rPois   .          Reflect  .   o - +0 helmet
rElec   .          Harm     .   (no cloak)
rCorr   .          Rampage  .   q - +0 pair of gloves
Will    .....                   (no boots)
Stlth   ++........              (no amulet)
HPRegen 0.11/turn               s - +6 ring of dexterity
MPRegen 0.13/turn               (no ring)

@: mighty, brilliant, lethally poisoned (-4 -> -28)
A: no striking features
a: no special abilities


You were on level 3 of the Dungeon.
You visited 1 branch of the dungeon, and saw 3 of its levels.

You collected 185 gold pieces.

Inventory:

Hand Weapons
 a - a +0 dagger
 e - a +0 sling
 r - a +2 vampiric rapier (weapon)
Missiles
 i - 8 poisoned darts
 u - 5 javelins
Armour
 b - a +0 robe (worn)
 c - a +0 hat
 o - a +0 helmet (worn)
 q - a +0 pair of gloves (worn)
Jewellery
 s - a +6 ring of dexterity (left hand)
Scrolls
 h - a scroll of enchant armour {unknown}
 l - 4 scrolls of teleportation
 m - a scroll of magic mapping {unknown}
 p - a scroll of identify {unknown}
 t - a scroll of immolation {unknown}
Potions
 d - a potion of magic
 f - a potion of flight {unknown}
 g - a potion of curing {unknown}
 j - a potion of might
 k - a potion of attraction {unknown}
 n - a potion of brilliance


   Skills:
 - Level 2.2 Dodging
 - Level 2.0 Stealth
 * Level 4.9 Spellcasting
 - Level 1.0 Conjurations
 - Level 1.0 Summonings
 - Level 1.0 Translocations


You had 7 spell levels left.
You knew the following spells:

 Your Spells              Type           Power      Damage    Failure   Level
a - Magic Dart            Conj           44%        1d5       10%         1
b - Slow                  Hex            24%        N/A       14%         1
c - Blink                 Tloc           22%        N/A       14%         2
d - Call Imp              Summ           11%        N/A       14%         2

Your spell library contained the following spells:

 Spells                   Type           Power      Damage    Failure   Level
 Call Canine Familiar     Summ           11%        N/A       28%         3
 Conjure Flame            Conj/Fire      8%         6-21      34%         3
 Portal Projectile        Hex/Tloc       16%        N/A       34%         3
 Mephitic Cloud           Conj/Pois/Air  8%         N/A       36%         3
 Ozocubu's Armour         Ice            6%         N/A       41%         3
 Leda's Liquefaction      Hex/Erth       3%         N/A       82%         4
 Metabolic Englaciation   Hex/Ice        3%         N/A       99%         5
 Simulacrum               Ice/Necr       3%         N/A       100%        6


Dungeon Overview and Level Annotations

Branches:
Dungeon (3/15)

Altars:
Fedhas
Zin

Annotations:
D:3 Sigmund


Message History

You kill the orc!
No target in view!
Your magical contamination has completely faded away.
An orc priest is nearby!
You start resting.
Magic restored.
The orc priest barely misses you.
You barely miss the orc priest.
The orc priest hits you but does no damage.
You are poisoned.
The orc priest calls down the wrath of Beogh upon you.
Beogh smites you!
You barely miss the orc priest.
You feel very sick.
The orc priest hits you but does no damage.
You are lethally poisoned!
Casting: Magic Dart (safe; 10% risk of failure)
Confirm with . or Enter, or press ? or * to list all spells.
Aiming: Magic Dart (safe; 10% risk of failure)
Press: ? - help, Shift-Dir - straight line, f - orc priest
Aim: an orc priest, wielding a +0 short sword of venom (100% to hit)
The magic dart hits the orc priest.
The orc priest is moderately wounded.
You feel very sick.
The orc priest hits you but does no damage.
You are more poisoned.
It was a potion of might.
You feel very mighty all of a sudden.
* * * LOW HITPOINT WARNING * * *
You feel very sick.
The orc priest hits you but does no damage.
You are more poisoned.
You puncture the orc priest!
You feel better.
You kill the orc priest!
* * * LOW HITPOINT WARNING * * *
You feel extremely sick.
You have reached level 5!
It was a potion of brilliance.
You feel clever all of a sudden.
You die...

#.....##. ......###..#. #####
##.#. #... ################
##.. #..............# #..
##.###########.########. ##.
#.#...........).)..).o. #.
#.#.#####.###@###############.
#.#.# ######.#...............
#.#.# #......#.###########...
#.#.# #.######.####### #...
#.#.# #.#............# #...
#.#.# #.#.####.#####.# #...
#.#.####.#.####.# ####
#.............#.#
###.####.#.##.#.#


There were no monsters in sight!

Vanquished Creatures
  An orc priest (D:3)
  An adder (D:2)
  A dart slug (D:2)
  2 orcs (D:3)
  2 bats
  2 endoplasms
  2 giant cockroaches (D:1)
  8 goblins
  6 hobgoblins
  9 jackals
  6 kobolds
  3 quokkas
  2 ball pythons (D:1)
  2 frilled lizards
  7 rats
54 creatures vanquished.

Notes
Turn   | Place    | Note
-------+----------+-------------------------------------------
     0 | D:1      | joebiden the Human Hedge Wizard began the quest for the
                  | Orb.
     0 | D:1      | Reached XP level 1. HP: 13/13 MP: 4/4
   208 | D:1      | Reached XP level 2. HP: 13/19 MP: 0/6
   660 | D:1      | Learned a level 1 spell: Slow
   663 | D:1      | Learned a level 2 spell: Blink
   666 | D:1      | Learned a level 2 spell: Call Imp
   859 | D:1      | Reached XP level 3. HP: 24/24 MP: 4/8
  1280 | D:1      | Reached skill level 4 in Spellcasting
  2285 | D:2      | Reached XP level 4. HP: 30/30 MP: 6/10
  3435 | D:3      | Noticed an angel
  3436 | D:3      | Found a glowing silver altar of Zin.
  3506 | D:3      | Found a blossoming altar of Fedhas.
  3559 | D:3      | Noticed Sigmund
  4378 | D:3      | HP: 1/30 [poisoned by an orc priest]
  4379 | D:3      | Reached XP level 5. HP: 1/35 MP: 10/12
  4379 | D:3      | Succumbed to an orc priest's poison

Illustrated notes

Levels and vault maps discovered:
D:1:      minmay_arrival_stair_chambers, layout_basic
D:2:      layout_loops_corners
D:3:      layout_basic, minitemple, fedhas_altar_3, zin_angel, uniq_robin,
          uniq_terence, uniq_sigmund

Skill      XL: |  1  2  3 |
---------------+----------+-----
Spellcasting   | 4 |  4.9
Dodging        | |  2.2
Stealth        | |  2.0
Conjurations   | |  1.0
Summonings     | |  1.0
Translocations | |  1.0

Action                   |  1- 3 |  4- 6 || total
-------------------------+-------+-------++-------
Melee: Dagger            |    35 |       ||    35
       Punch             |     1 |       ||     1
       Rapier            |       |    29 ||    29
 Cast: Magic Dart        |    87 |    31 ||   118
  Use: Scroll            |     1 |       ||     1
       Potion            |       |     2 ||     2
 Stab: Sleeping          |     1 |       ||     1
Armor: Robe              |     7 |     9 ||    16
Dodge: Dodged            |    41 |    16 ||    57
